 Dungeon Crawl Stone Soup version 0.31.0-32-g396128a36d (webtiles) character file.

Game seed: 17414215468392705097

117453 ChadusMaximus the Warrior (level 16, -2/154 HPs)
             Began as a Minotaur Fighter on Mar 9, 2024.
             Was a High Priest of Okawaru.
             Killed from afar by a swamp worm (18 damage)
             ... with a harpoon shot
             ... on level 1 of the Swamp.
             The game lasted 00:35:19 (32343 turns).

ChadusMaximus the Warrior (Minotaur Fighter)       Turns: 32343, Time: 00:35:19

Health: -2/154     AC: 23    Str: 39    XL:     16   Next: 23%
Magic:  22/22      EV: 13    Int:  5    God:    Okawaru [*****.]
Gold:   1530       SH:  0    Dex: 11    Spells: 15/15 levels left

rFire   x . .        Q - +5 Lochaber axe {reach-cleave, Poleaxe ^Drain}
rCold   x . .        (shield currently unavailable)
rNeg    + . .        X - +2 swamp dragon scales
rPois   +            (helmet restricted)
rElec   .            u - +0 cloak
rCorr   .            P - +0 pair of gloves
SInv    .            Z - +2 pair of boots "Sosayric" {rF- rN+ Str+5}
Will    .....        z - amulet of regeneration
Stlth   +            B - +4 ring of slaying
HPRegen 1.25/turn    H - +6 ring of strength
MPRegen 0.18/turn

%: no passive effects
@: about to teleport, weak-willed, heroic, heavily contaminated, slowed,
glowing, studying 2 skills, very slow
A: horns 2, retaliatory headbutt, cold vulnerability 1
a: Renounce Religion, Heroism, Finesse, Duel


You were on level 1 of the Swamp.
You worshipped Okawaru.
Okawaru was extremely pleased with you.
You visited 5 branches of the dungeon, and saw 24 of its levels.
You visited 1 bazaar.
You also visited: Gauntlet.

You collected 2838 gold pieces.
You spent 1308 gold pieces at shops.

Inventory:

Hand Weapons
 Q - the +5 Lochaber axe (weapon) {reach-cleave, Poleaxe ^Drain}
   (You found it on level 5 of the Lair of Beasts)

   Poleaxe:   It uses either Axes or Polearms skill, whichever is higher.
   ^Drain:    It drains your maximum health when unequipped.
Missiles
 n - 23 boomerangs (quivered)
 N - 14 javelins
 U - 2 silver javelins
Armour
 h - a +0 kite shield
 u - a +0 cloak (worn)
 F - the +2 pair of boots of the Earth {Str+2}
   (You found it on level 8 of the Dungeon)

   Str+2:     It affects your strength (+2).
 P - a +0 pair of gloves (worn)
 T - a +3 plate armour of fire resistance
 X - +2 swamp dragon scales (worn)
 Z - the +2 pair of boots "Sosayric" (worn) {rF- rN+ Str+5}
   (You found it in a Gauntlet)

   Str+5:     It affects your strength (+5).
   rF-:       It makes you vulnerable to fire.
   rN+:       It protects you from negative energy.
Jewellery
 z - an amulet of regeneration (around neck)
 B - a +4 ring of slaying (left hand)
 H - a +6 ring of strength (right hand)
Wands
 x - a wand of mindburst (8)
 C - a wand of flame (55)
 J - a wand of paralysis (13)
 L - a wand of quicksilver (6)
 O - a wand of polymorph (9)
 R - a wand of roots (29)
 S - a wand of digging (17)
Scrolls
 b - 2 scrolls of revelation
 d - 2 scrolls of silence
 e - 12 scrolls of teleportation
 i - 3 scrolls of brand weapon
 j - 2 scrolls of noise
 k - 3 scrolls of poison
 o - a scroll of immolation
 r - 3 scrolls of fear
 s - 2 scrolls of summoning
 v - a scroll of fog {unknown}
 w - 4 scrolls of amnesia
 y - 4 scrolls of blinking
 E - 3 scrolls of vulnerability
 K - a scroll of torment {unknown}
 M - 3 scrolls of enchant armour
 Y - a scroll of acquirement {unknown}
Potions
 a - 4 potions of attraction {unknown}
 c - a potion of brilliance {unknown}
 f - 2 potions of cancellation
 g - 5 potions of lignification
 l - 4 potions of haste
 m - 6 potions of enlightenment
 p - 5 potions of magic
 q - 3 potions of mutation
 t - 2 potions of resistance
 A - 7 potions of curing
 D - a potion of ambrosia {unknown}
 G - 2 potions of degeneration
 I - 3 potions of might
 V - 6 potions of heal wounds
 W - a potion of berserk rage


   Skills:
 + Level 16.9(21.9) Fighting
 + Level 16.6(21.6) Axes
 + Level 9.6(14.6) Throwing
 + Level 16.9(21.9) Armour
 - Level 14.6(19.6) Shields
 - Level 9.3 Invocations


You had 15 spell levels left.
You didn't know any spells.
Your spell library contained the following spells:

 Spells                   Type           Power      Damage    Failure   Level
 Sandblast                Erth           0%         2d4       52%         1
 Sting                    Conj/Alch      0%         1d3       52%         1
 Blink                    Tloc           0%         N/A       67%         2
 Cigotuvi's Dreadful Rot  Necr/Alch/Air  0%         N/A       67%         2
 Lesser Beckoning         Tloc           0%         N/A       67%         2
 Mercury Vapours          Alch/Air       0%         N/A       67%         2
 Momentum Strike          Conj/Tloc      0%         3d8       67%         2
 Sublimation of Blood     Necr           0%         N/A       67%         2
 Gell's Gravitas          Tloc           0%         N/A       88%         3
 Passwall                 Erth           0%         N/A       88%         3
 Stone Arrow              Conj/Erth      0%         3d7       88%         3
 Teleport Other           Tloc           0%         N/A       88%         3
 Brom's Barrelling Bould  Conj/Erth      0%         2d3       99%         4
 Dimensional Bullseye     Hex/Tloc       0%         N/A       99%         4
 Iskenderun's Mystic Bla  Conj/Tloc      0%         2d3       99%         4
 Olgreb's Toxic Radiance  Alch           0%         N/A       99%         4
 Silence                  Hex/Air        0%         N/A       100%        5
 Dispersal                Tloc           0%         N/A       100%        6
 Plasma Beam              Fire/Air       0%         2x1d10    100%        6
 Lehudib's Crystal Spear  Conj/Erth      0%         10d2      100%        8
 Call Imp                 Summ           Unusable   N/A       N/A         2
 Tukima's Dance           Hex            Unusable   N/A       N/A         3
 Animate Armour           Summ/Erth      Unusable   N/A       N/A         4
 Malign Gateway           Summ/Tloc      Unusable   N/A       N/A         7
 Summon Hydra             Summ           Unusable   N/A       N/A         7

Dungeon Overview and Level Annotations

Branches:
Dungeon (15/15)            Temple (1/1) D:4            Lair (5/5) D:9
  Swamp (1/4) Lair:2        Snake (0/4) Lair:2        Slime (0/5) Lair:4
    Orc (2/2) D:10            Elf (0/3) Orc:2        Vaults (0/5) D:14
 Depths (0/4) D:15        Gauntlet (visited)

Altars:
Ashenzari
Cheibriados
Dithmenos
Elyvilon
Fedhas
Gozag
Hepliaklqana
Kikubaaqudgha
Makhleb
Nemelex Xobeh
Okawaru
Qazlal
Ru
Sif Muna
Trog
Uskayaw
Vehumet
Wu Jian
Xom
Yredelemnul
Zin
The Shining One
Jiyva

Shops:
D:3 (([   D:7 :(   D:8 (*!*   Orc:1 *   Orc:2 :[*(

Annotations:
D:10 1 transporter
Swamp:1 1 transporter


Innate Abilities, Weirdness & Mutations

You have a pair of horns on your head.
You reflexively headbutt those who attack you in melee.
You are vulnerable to cold. (rC-)


Message History

You are yanked forward by the harpoon shot.
You violently stop moving!
The cacodemon gestures at you. The bolt of devastation hits you!!
Your willpower is stripped away!
* * * LOW HITPOINT WARNING * * *
The swamp worm fires a harpoon shot at you.
The harpoon shot hits you but does no damage.
The swamp worm fires a harpoon shot at you.
The harpoon shot hits you!
* * * LOW HITPOINT WARNING * * *
You are yanked forward by the harpoon shot.
You violently stop moving!
The cacodemon hits you!
* * * LOW HITPOINT WARNING * * *
The cacodemon hits you.
* * * LOW HITPOINT WARNING * * *
You turn to flesh and can move again.
As you read the scroll of fear, it crumbles to dust.
You assume a fearsome visage.
The swamp worm looks frightened! x3
The cacodemon resists with almost no effort.
The swamp worm looks frightened! x2; You are engulfed in dark miasma.
* * * LOW HITPOINT WARNING * * *
The cacodemon closely misses you. The cacodemon barely misses you.
Unknown command.
As you read the scroll of teleportation, it crumbles to dust.
You feel strangely unstable.
You are engulfed in dark miasma.
* * * LOW HITPOINT WARNING * * *
Cornered, the swamp worm turns to fight! x5
The cacodemon gestures at you. The bolt of devastation misses you.
Unknown command.
Throw: 23 boomerangs
Press: ? - help, Q - select action, (/) - cycle Shift-Dir - straight line, f - swamp worm
Aim: a swamp worm (black smoke, 69% to hit)
You throw a boomerang. The boomerang hits the swamp worm.
The swamp worm is lightly wounded.
You are engulfed in dark miasma.
You feel yourself slow down.
* * * LOW HITPOINT WARNING * * *
The swamp worm fires a harpoon shot at you.
The harpoon shot hits you!!
You die...

.♣♣..~.~.~...~.~~....♣~♣.~♣~~~~~.
....~♣~~~~~♣"...~..♣..~.....~~...
~.♣.~.♣~............~~.♣~♣.....♣♣
§.♣♣♣..~~~.#########.=.~♣♣♣♣>~.♣♣
..♣ ♣♣.♣~..#♣#w#w#w#....♣ ♣~.~.♣
~.♣♣♣♣~§..##≈§§#§§≈####.♣♣♣~~.♣♣
~....♣..~.#P..P§PPP#)=#.♣♣....♣
..~~.♣♣♣♣©#©^^^2^^^+$©#©♣....♣♣
~~.~.♣♣♣..#...PP@PP#[[#.....♣♣
~.~~.♣.~..##≈≈≈≈#§§####.~..♣♣
~.~....♣...##.#w#w##....~.♣♣
..~~♣♣♣♣~~.#########.<...♣♣ ~~~♣♣
♣♣>~~..........~.♣♣♣ ~~~♣
♣.~~........~~~♣♣♣ ~~♣♣
♣♣~.♣♣♣♣♣♣♣♣.♣♣♣ .♣♣ ♣.§~♣ ♣♣♣ ♣♣
♣♣~♣♣


You could see a cacodemon and 5 swamp worms.

Vanquished Creatures
  Jorgrun (Orc:2)
  Rupert (D:15)
  An orc warlord (Orc:2)
  A minotaur (Gauntlet)
  3 eleionomae (Swamp:1)
  2 bunyips (Swamp:1)
  Snorg (D:11)
  Josephine (Lair:3)
  The ghost of onwiheg the Warrior, a journeyman FoFi of Gozag (Lair:1)
  2 great orbs of eyes
  An ogre mage (D:15)
  A catoblepas (Lair:5)
  Erica (D:11)
  6 hydras
  6 two-headed ogres
  A death knight (D:15)
  8 centaur warriors
  A tengu warrior (D:13)
  12 death yaks (Lair:5)
  An orc high priest (Orc:2)
  A soul eater (Gauntlet)
  Sonja (D:11)
  Urug (D:14)
  Amaemon (Lair:3)
  2 skysharks
  A spriggan (Swamp:1)
  2 skeletal warriors
  Lodul (D:10)
  3 goliath frogs (Swamp:1)
  An arcanist (D:10)
  A phantasmal warrior (D:15)
  A harpy (shapeshifter) (D:15)
  A lindwurm (Lair:5)
  8 orc knights
  A faun (shapeshifter) (D:15)
  A wolf spider (D:11)
  A salamander (Lair:2)
  19 ugly things
  7 orc sorcerers (Orc:2)
  6 cyclopes
  8 manticores
  8 elephants
  Joseph (D:7)
  4 kobold blastminers
  A rust devil (Gauntlet)
  3 black mambas
  6 gargoyles
  9 cane toads
  5 orange demons
  2 torpor snails
  Maggie (D:8)
  3 freezing wraiths
  6 rime drakes
  10 komodo dragons
  3 unseen horrors (D:11)
  2 efreet
  9 trolls
  4 tengu conjurers
  A polar bear (shapeshifter) (D:15)
  2 red devils (D:11)
  A troll (shapeshifter) (D:14)
  6 tyrant leeches
  2 polar bears
  2 hornets
  7 dream sheep (Lair:5)
  16 blink frogs
  13 slime creatures
  2 shadows (D:11)
  2 vampires
  8 wyverns
  A ynoxinul (Gauntlet)
  6 wraiths
  8 vampire mosquitoes
  Eustachio (D:2)
  15 humans (D:14)
  3 basilisks
  3 wargs
  2 steam dragons (D:8)
  32 yaks
  9 swamp worms
  An acid dragon (D:7)
  11 water moccasins
  36 orc warriors
  A swamp drake (Swamp:1)
  4 ice beasts
  4 black bears
  6 laughing skulls
  A sky beast (D:7)
  11 ogres
  5 centaurs
  10 wolves
  A phantom (D:5)
  2 kobold brigands
  9 bullfrogs
  A scorpion (D:5)
  2 gnoll sergeants
  2 wights (D:8)
  23 killer bees
  An electric eel (Lair:4)
  5 howler monkeys
  3 bombardier beetles
  2 lava snakes (Lair:2)
  2 hounds
  2 iron imps (Gauntlet)
  Crazy Yiuf (D:4)
  17 orc priests
  9 jellies
  A sleepcap (D:6)
  8 iguanas
  26 orc wizards
  7 adders
  3 gnolls (D:5)
  A river rat (D:3)
  4 shadow imps
  6 white imps
  2 ufetubi (D:7)
  A dart slug (D:4)
  7 ribbon worms
  69 orcs
  10 endoplasms
  3 giant cockroaches
  7 goblins
  2 hobgoblins
  A jackal (D:5)
  2 quokkas (D:4)
  7 ball pythons
  8 bats
  3 frilled lizards
  11 kobolds
  8 rats
708 creatures vanquished.

Vanquished Creatures (others)
  A bloated husk (Swamp:1)
  A bullfrog (D:8)
  An orc wizard (Orc:1)
  An orc (D:8)
4 creatures vanquished.

Grand Total: 712 creatures vanquished

Notes
Turn   | Place    | Note
-------+----------+-------------------------------------------
     0 | D:1      | ChadusMaximus the Minotaur Fighter began the quest for the
                  | Orb.
     0 | D:1      | Reached XP level 1. HP: 19/19 MP: 0/0
   207 | D:1      | Reached XP level 2. HP: 21/27 MP: 1/1
   687 | D:2      | Reached XP level 3. HP: 33/33 MP: 2/2
  1676 | D:2      | Reached XP level 4. HP: 40/40 MP: 3/3
  2020 | D:3      | Noticed a water moccasin
  2024 | D:3      | Killed a water moccasin
  2025 | D:3      | Reached XP level 5. HP: 39/47 MP: 4/4
  2187 | D:3      | Found Cidghiaxt's Antique Weapon Emporium.
  2358 | D:3      | Found Jimmaerch's Weapon Shoppe.
  2552 | D:3      | Reached skill level 5 in Fighting
  2552 | D:3      | Reached skill level 5 in Armour
  2552 | D:3      | Reached skill level 5 in Shields
  2558 | D:3      | Found Upsudoc's Antique Armour Boutique.
  2568 | D:3      | Found a glowing golden altar of the Shining One.
  3113 | D:4      | Reached XP level 6. HP: 56/56 MP: 5/5
  3122 | D:4      | Found a staircase to the Ecumenical Temple.
  3158 | Temple   | Entered the Ecumenical Temple
  3235 | Temple   | Became a worshipper of Warmaster Okawaru
  3333 | D:4      | Noticed Eustachio
  3399 | D:2      | Killed Eustachio
  3763 | D:4      | Found a radiant altar of Vehumet.
  3841 | D:4      | Reached skill level 5 in Axes
  3841 | D:4      | Reached XP level 7. HP: 55/62 MP: 6/6
  4296 | D:4      | Found a runed translucent door.
  4297 | D:4      | Noticed Crazy Yiuf
  4306 | D:4      | Killed Crazy Yiuf
  4618 | D:5      | Entered Level 5 of the Dungeon
  4660 | D:5      | Found a white marble altar of Elyvilon.
  4681 | D:5      | Reached * piety under Okawaru
  5098 | D:5      | You fall into a shaft and drop 1 floor!
  5099 | D:6      | HP: 3/64 [poisoned by a gnoll sergeant]
  5104 | D:6      | HP: 1/96 [poisoned by a gnoll sergeant]
  5504 | D:6      | Found an ornate altar of the Wu Jian Council.
  5538 | D:5      | Reached XP level 8. HP: 57/71 MP: 7/7
  5680 | D:5      | HP: 3/71 [poisoned by a gnoll sergeant]
  5912 | D:5      | Found a broken altar of Ashenzari.
  6132 | D:6      | Found a stormy altar of Qazlal.
  6448 | D:6      | Found a glowing silver altar of Zin.
  6483 | D:6      | Reached skill level 1 in Invocations
  6754 | D:7      | Found Baniadgh's Tiny Tomes.
  7263 | D:7      | Noticed a gargoyle
  7269 | D:7      | Killed a gargoyle
  7269 | D:7      | Reached ** piety under Okawaru
  7362 | D:7      | Noticed a gargoyle
  7368 | D:7      | Killed a gargoyle
  7369 | D:7      | Reached XP level 9. HP: 37/81 MP: 8/10
  7506 | D:7      | Noticed a gargoyle
  7512 | D:7      | Killed a gargoyle
  7627 | D:7      | Noticed a gargoyle
  7635 | D:7      | Killed a gargoyle
  7635 | D:7      | Reached *** piety under Okawaru
  7885 | D:7      | Found Fammec's Weapon Boutique.
  7885 | D:7      | Noticed Joseph
  8210 | D:7      | Killed Joseph
  8368 | D:7      | Found a basalt altar of Yredelemnul.
  8419 | D:7      | Found a shimmering altar of Xom.
  8421 | D:7      | Found a shimmering altar of Xom.
  8421 | D:7      | Found a shimmering altar of Xom.
  8835 | D:8      | Noticed Maggie
  8835 | D:8      | Found Nucsi's Assorted Antiques.
  8836 | D:8      | Found Ydaas's Weapon Emporium.
  8846 | D:8      | Killed Maggie
  8846 | D:8      | Reached **** piety under Okawaru
  8853 | D:8      | Found Paucod's General Store.
  8893 | D:8      | Found Fago Jappent's Distillery.
  8909 | D:8      | Bought a +0 broad axe for 48 gold pieces
  8918 | D:8      | Bought a scroll of identify for 26 gold pieces
  8962 | D:8      | Identified the +2 pair of boots of the Earth {Str+2}
  9036 | D:8      | Reached XP level 10. HP: 90/90 MP: 12/12
  9259 | D:8      | Noticed a two-headed ogre
  9264 | D:8      | Noticed a centaur warrior
  9268 | D:8      | Killed a two-headed ogre
  9269 | D:8      | Reached skill level 5 in Invocations
  9271 | D:8      | Killed a centaur warrior
  9590 | D:8      | Reached skill level 10 in Fighting
  9590 | D:8      | Reached skill level 1 in Throwing
  9590 | D:8      | Reached skill level 10 in Armour
  9590 | D:8      | Reached skill level 10 in Shields
  9652 | D:8      | Found a burning altar of Makhleb.
  9837 | D:8      | Paralysed by an orc warrior for 5 turns
  9847 | D:8      | Paralysed by an orc warrior for 5 turns
 10019 | D:9      | Reached ***** piety under Okawaru
 10036 | D:9      | Noticed a two-headed ogre
 10042 | D:9      | Killed a two-headed ogre
 10043 | D:9      | Reached XP level 11. HP: 83/100 MP: 14/14
 10171 | D:9      | Found an opulent altar of Gozag.
 10304 | D:9      | Received a gift from Okawaru
 10309 | D:9      | Reached skill level 10 in Axes
 10378 | D:9      | Found a staircase to the Lair.
 10799 | D:10     | Entered Level 10 of the Dungeon
 10799 | D:10     | Found a transporter.
 10799 | D:10     | Found a transporter.
 10808 | D:10     | Identified the +2 short sword of Linearity {freeze, rPois
                  | Stlth+}
 10810 | D:10     | Noticed an arcanist
 10818 | D:10     | Killed an arcanist
 10840 | D:10     | Noticed Lodul
 10858 | D:10     | Killed Lodul
 10878 | D:10     | Found a staircase to the Orcish Mines.
 11338 | D:10     | Found a shimmering blue altar of Sif Muna.
 11465 | D:10     | Found a snail-covered altar of Cheibriados.
 11633 | D:10     | Found a blossoming altar of Fedhas.
 11881 | Orc:1    | Entered Level 1 of the Orcish Mines
 11882 | Orc:1    | Noticed an orc knight
 12225 | Lair:1   | Entered Level 1 of the Lair of Beasts
 12298 | Lair:1   | Received a gift from Okawaru
 12414 | Lair:1   | Found a runed translucent gate.
 12415 | Lair:1   | Found a runed translucent gate.
 12416 | Lair:1   | Found a runed translucent gate.
 12417 | Lair:1   | Noticed onwiheg's ghost (journeyman FoFi)
 12857 | Lair:1   | Reached XP level 12. HP: 109/110 MP: 15/15
 12873 | Lair:1   | Received a gift from Okawaru
 12874 | Lair:1   | Reached skill level 5 in Throwing
 13521 | Lair:2   | Noticed a four-headed hydra
 13544 | Lair:2   | Killed a four-headed hydra
 14585 | Lair:2   | Found a staircase to the Snake Pit.
 14900 | Lair:2   | Found a staircase to the Swamp.
 15001 | Lair:3   | Noticed Josephine
 15007 | Lair:3   | Killed Josephine
 15011 | Lair:3   | Received a gift from Okawaru
 15763 | Lair:3   | Noticed Amaemon
 15780 | Lair:3   | Killed Amaemon
 15781 | Lair:3   | Reached XP level 13. HP: 89/119 MP: 13/16
 16691 | Lair:4   | Received a gift from Okawaru
 17813 | D:3      | Bought a runed plate armour for 754 gold pieces
 18364 | Orc:1    | HP: 6/122 [poisoned by an orc]
 18757 | Orc:2    | Entered Level 2 of the Orcish Mines
 18757 | Orc:2    | Found a staircase to the Elven Halls.
 19357 | Orc:2    | Found Qacah's Antique Armour Emporium.
 19488 | Orc:2    | Found Geem's General Store.
 19522 | Orc:2    | Noticed Jorgrun
 19538 | Orc:2    | Killed Jorgrun
 19619 | Orc:2    | Received a gift from Okawaru
 19846 | Orc:2    | Paralysed by an orc sorcerer for 3 turns
 19852 | Arena    | Entered the Arena
 19891 | Orc:2    | Noticed an orc warlord
 19895 | Orc:2    | Found Joenupou's Book Boutique.
 20360 | Orc:2    | Found Zueczyge's Antique Weapon Boutique.
 20408 | Orc:2    | Killed an orc warlord
 20754 | Orc:1    | Found Detiox's Assorted Antiques.
 20811 | Orc:1    | You fall into a shaft and drop 1 floor!
 20864 | Orc:1    | Bought a scroll of teleportation for 84 gold pieces
 20864 | Orc:1    | Bought a scroll of teleportation for 84 gold pieces
 21051 | Lair:1   | Killed onwiheg's ghost
 21492 | Lair:4   | Identified the flux talisman of the Comet {*Slow rPois rN++
                  | Dex-5}
 21553 | Lair:4   | Found a viscous altar of Jiyva.
 21554 | Lair:4   | Found a staircase to the Slime Pits.
 22002 | Lair:4   | Reached XP level 14. HP: 78/130 MP: 17/19
 22395 | Lair:5   | Entered Level 5 of the Lair of Beasts
 23006 | Lair:5   | Received a gift from Okawaru
 23657 | Lair:5   | Found the +5 Lochaber axe {reach-cleave, Poleaxe ^Drain}
 24850 | D:11     | Received a gift from Okawaru
 24885 | D:11     | Identified the +5 quarterstaff of Desertification {heavy,
                  | rElec Dex+3}
 24893 | D:11     | Noticed Erica
 24895 | D:11     | Noticed Sonja
 24901 | D:11     | Killed Erica
 24903 | D:11     | Killed Sonja
 24908 | D:11     | HP: 6/133 [poisoned by Sonja]
 24912 | D:11     | HP: 1/133 [poisoned by Sonja]
 25344 | D:11     | Noticed Snorg
 25350 | D:11     | Killed Snorg
 25428 | D:11     | Reached skill level 15 in Armour
 25438 | D:11     | Reached skill level 15 in Fighting
 26089 | D:11     | Reached XP level 15. HP: 95/141 MP: 21/21
 26148 | D:11     | Reached skill level 15 in Axes
 26699 | D:12     | Found a gate leading to a gauntlet.
 26710 | Gauntlet | Entered a Gauntlet
 26710 | Gauntlet | Found a transporter.
 26710 | Gauntlet | Found a transporter.
 26718 | Gauntlet | Found a transporter.
 26722 | Gauntlet | Found a transporter.
 26730 | Gauntlet | Found a transporter.
 26734 | Gauntlet | Found a transporter.
 26742 | Gauntlet | Found a transporter.
 26757 | Gauntlet | Found a transporter.
 26761 | Gauntlet | Found a runed translucent door.
 26775 | Gauntlet | Found a transporter.
 26776 | Gauntlet | Found a transporter.
 26784 | Gauntlet | Found a transporter.
 26788 | Gauntlet | Found a transporter.
 27058 | Gauntlet | Received a gift from Okawaru
 27094 | Gauntlet | Identified the +2 helmet of Elyvilon's Envy {rF- MP+9
                  | Dex+3}
 27151 | Gauntlet | Identified the +2 pair of boots "Sosayric" {rF- rN+ Str+5}
 27152 | Gauntlet | Got Sif Muna's Anthology of the Meteoric Door
 28104 | D:13     | Found a flickering gateway to a bazaar.
 28126 | Bazaar   | Entered a bazaar
 28143 | Bazaar   | Found Xoberol's Magic Scroll Shoppe.
 28144 | Bazaar   | Found Kutieseo's Book Shoppe.
 28187 | Bazaar   | Found Enwuint's Assorted Antiques.
 28187 | Bazaar   | Found Uwouxkybb's Antique Weapon Emporium.
 28241 | Bazaar   | Bought a scroll of teleportation for 33 gold pieces
 28241 | Bazaar   | Bought a scroll of revelation for 82 gold pieces
 28241 | Bazaar   | Bought a scroll of identify for 22 gold pieces
 28241 | Bazaar   | Bought a scroll of teleportation for 33 gold pieces
 28241 | Bazaar   | Bought a scroll of identify for 22 gold pieces
 28241 | Bazaar   | Bought a scroll of identify for 22 gold pieces
 28274 | Bazaar   | Bought a golden potion for 18 gold pieces
 28274 | Bazaar   | Bought a scroll of fear for 80 gold pieces
 28347 | D:13     | Identified the +9 mace "Honkaj" {freeze, rN+ MP-9 Int+3}
 29206 | D:14     | Received a gift from Okawaru
 29647 | D:14     | Noticed Urug
 29664 | D:14     | Killed Urug
 29665 | D:14     | Received a gift from Okawaru
 29895 | D:14     | Found a gate to the Vaults.
 29951 | D:15     | Entered Level 15 of the Dungeon
 30239 | D:15     | Noticed Rupert
 30252 | D:15     | Killed Rupert
 30252 | D:15     | Reached ****** piety under Okawaru
 30252 | D:15     | Received a gift from Okawaru
 30317 | D:15     | Found a staircase to the Depths.
 30506 | D:15     | Reached XP level 16. HP: 45/152 MP: 19/22
 31135 | D:15     | Found a glowing golden altar of the Shining One.
 31465 | Swamp:1  | Entered Level 1 of the Swamp
 31468 | Swamp:1  | Found a transporter.
 31502 | Swamp:1  | Received a gift from Okawaru
 31638 | Swamp:1  | Found a transporter.
 31889 | Swamp:1  | Got the Anthology of the Mantidfly
 32338 | Swamp:1  | Gained mutation: You are vulnerable to cold. (rC-) [a
                  | cacodemon]
 32343 | Swamp:1  | Killed from afar by a swamp worm

Illustrated notes

Levels and vault maps discovered:
D:1:      minmay_arrival_doors, layout_basic
D:2:      layout_basic, corner_web_ring, grunt_decor_arrowhead,
          grunt_decor_clamped
D:3:      layout_loops_corners, mainiacjoe_overflow_alcove_1,
          lightli_sewer_entry_pipes, serial_shops, shop, shop,
          nicolae_shop_rolling_square
D:4:      layout_layer_cave, general_overflow_altar, minmay_temple_entry_arrows,
          amcnicky_mini_pool_small, uniq_eustachio, uniq_crazy_yiuf_cottage
D:5:      layout_basic, mainiacjoe_overflow_alcove_2, elyvilon_altar_3,
          minmay_misc_feat_hallway, kennysheep_generic_room_14
D:6:      layout_basic, lemuel_round_altar, mainiacjoe_overflow_24_doors,
          nzn_wu_jian_contemplation, kennysheep_donut
D:7:      cheibrodos_statue_roulette, layout_basic, lemuel_round_altar,
          xom_shifter_show, serial_shops, nicolae_shop_bloodbath_and_beyond,
          nicolae_shop_i_like_small_books_too, uniq_joseph
D:8:      cheibrodos_ideogram_h, layout_rooms, lightli_temple_of_fire,
          minmay_shop_grid_forest, uniq_maggie
D:9:      layout_irregular_city, grunt_gozag_breadcrumbs,
          hellmonk_lair_entry_icy, hangedman_abyss_or_decor_stagger
D:10:     layout_cross, mainiacjoe_overflow_tiny_flanked,
          hellmonk_sif_muna_bookshelves, kennysheep_little_box, erik_orc_4,
          nicolae_diode_stairs, uniq_lodul
D:11:     hangedman_cross_veins, layout_cave_pools, minmay_beelzebubs_servants,
          uniq_erica, uniq_snorg, uniq_sonja
D:12:     layout_grid_maze, gauntlet_entry_generic
D:13:     layout_cave_pods, serial_shops, bzr_entry_water
D:14:     minmay_spotlight, layout_irregular_city, david_vaults_3, minivault_27
D:15:     gammafunk_enter_depths_forms, layout_long_grid,
          nicolae_tso_swordbearing_angel, uniq_rupert
Temple:   nicolae_temple_superstar
Lair:1:   layout_regular_city, ebering_ghost_rock_garden, lemuel_fruit_tree
Lair:2:   layout_regular_city, palyth_hydra_swamp_entry,
          nicolae_snake_entry_warm_welcome, chequers_serial_rivers_large_a,
          infiniplex_staircase_pool_2, lemuel_fruit_fields
Lair:3:   layout_loops_ring, dreamdust_mushroom_princess, uniq_amaemon,
          uniq_josephine
Lair:4:   layout_layer_cave, nicolae_slime_entry_slimehenge,
          serial_bayou_lagoon_a
Lair:5:   hangedman_lair_in_review, layout_small_grid
Swamp:1:  gammafunk_worm_tunnel, layout_falls_marsh, nicolae_swamp_little_tower
Orc:1:    layout_caves, serial_shops, nicolae_shop_peninsula, uniq_urug
Orc:2:    grunt_orc_gardens, layout_caves, grunt_orc_garden, grunt_orc_garden,
          grunt_orc_garden, grunt_orc_garden,
          regret_index_minedec_shroomtown_chain, uniq_jorgrun

Skill      XL: |  1  2  3  4  5  6  7  8  9 10 11 12 13 14 15 |
---------------+----------------------------------------------+-----
Armour         | 4 5 6 7 9 10 11 12 13 15 16 | 16.9
Shields        | 4 5 6 7 9 10 11 12 13 14 | 14.6
Fighting       | 4 5 6 7 8 10 11 12 13 15 16 | 16.9
Axes           | 3 4 5 6 7 8 9 11 12 13 14 16 | 16.6
Invocations    | 2 4 5 6 8 9 |  9.3
Throwing       | 2 4 6 9 |  9.6

Action                     |  1- 3 |  4- 6 |  7- 9 | 10-12 | 13-15 | 16-18 || total
---------------------------+-------+-------+-------+-------+-------+-------++-------
  Melee: War axe           |    77 |   120 |   205 |       |       |       ||   402
         Headbutt          |    10 |    19 |    26 |   100 |   156 |    15 ||   326
         Broad axe         |       |       |     5 |   510 |   487 |       ||  1002
         Lochaber axe      |       |       |       |       |   325 |    72 ||   397
  Throw: Boomerang         |       |    13 |       |    17 |    22 |     2 ||    54
         Javelin           |       |       |       |     1 |    16 |     2 ||    19
 Invoke: Heroism           |       |       |     4 |     8 |    20 |     2 ||    34
         Finesse           |       |       |       |       |     1 |       ||     1
         Duel              |       |       |       |       |     1 |       ||     1
    Use: Potion            |       |     2 |     2 |       |     4 |       ||     8
         Scroll            |       |       |    11 |       |    16 |     2 ||    29
   Stab: Distracted        |       |       |       |       |     1 |       ||     1
 Armour: Scale mail        |    55 |    75 |   160 |    67 |       |       ||   357
         Skin              |       |    32 |       |       |       |       ||    32
         Plate armour      |       |       |       |   382 |   904 |    16 ||  1302
         Swamp dragon scal |       |       |       |       |       |   109 ||   109
  Dodge: Dodged            |    40 |    63 |   132 |   404 |   481 |    38 ||  1158
  Block: Buckler           |    16 |    37 |    63 |   213 |   139 |       ||   468
         Kite shield       |       |       |       |       |   151 |       ||   151
